 Dungeon Crawl Stone Soup version 0.30-b1-6-gad0e9d6a2d (webtiles) character file.

Game seed: 16359871964962990977

788 Rrauwl the Fighter (level 7, -1/68 HPs)
             Began as a Hill Orc Brigand on May 5, 2023.
             Was an Initiate of Hepliaklqana.
             Slain by a jelly (2 damage)
             ... on level 5 of the Dungeon.
             The game lasted 00:15:28 (4436 turns).

Rrauwl the Fighter (Hill Orc Brigand)               Turns: 4436, Time: 00:15:28

Health: -1/68      AC: -11   Str: 16    XL:     7   Next: 87%
Magic:  0/7        EV: 12    Int: 11    God:    Hepliaklqana [......]
Gold:   283        SH:  6    Dex: 12    Spells: 6/6 levels left

rFire   . . .        j - +2 short sword (freeze)
rCold   . . .        o - +2 buckler
rNeg    . . .        b - +0 robe
rPois   .            p - +0 helmet
rElec   .            k - +0 cloak
rCorr   .            (no gloves)
SInv    .            (no boots)
Will    .....        l - amulet of guardian spirit
Stlth   ++           (no ring)
HPRegen 0.31/turn    (no ring)
MPRegen 0.10/turn

%: guardian spirit
@: corroded
A: no striking features
a: Renounce Religion


You were on level 5 of the Dungeon.
You worshipped Hepliaklqana.
Hepliaklqana was noncommittal.
You visited 1 branch of the dungeon, and saw 5 of its levels.
You also visited: Sewer.

You collected 283 gold pieces.

Inventory:

Hand Weapons
 f - a +2 heavy flail
 j - a +2 short sword of freezing (weapon)
Missiles
 d - 8 poisoned darts (quivered)
 e - a curare-tipped dart
 g - 6 javelins
 n - 5 atropa-tipped darts
Armour
 b - a +0 robe (worn)
 k - a +0 cloak (worn)
 o - a +2 buckler (worn)
 p - a +0 helmet (worn)
Jewellery
 l - an amulet of guardian spirit (around neck)
Scrolls
 a - a scroll of vulnerability
 h - 4 scrolls of identify
 i - a scroll of immolation
Potions
 c - a potion of cancellation
 q - a potion of invisibility
 r - 2 potions of mutation


   Skills:
 - Level 8.0 Fighting
 - Level 2.0 Short Blades
 - Level 2.0 Throwing
 - Level 3.0 Armour
 + Level 2.7 Dodging
 - Level 4.0 Stealth
 + Level 1.8 Shields


You had 6 spell levels left.
You didn't know any spells.
Your spell library contained the following spells:

 Spells                   Type           Power      Damage    Failure   Level
 Magic Dart               Conj           0%         1d3       43%         1
 Sting                    Tmut/Pois      0%         1d3       43%         1
 Blink                    Tloc           0%         N/A       56%         2
 Call Imp                 Summ           0%         N/A       56%         2
 Lesser Beckoning         Tloc           0%         N/A       56%         2
 Momentum Strike          Conj/Tloc      0%         3d8       56%         2
 Poisonous Vapours        Pois/Air       0%         N/A       56%         2
 Dazzling Flash           Conj/Hex       0%         N/A       80%         3
 Gell's Gravitas          Tloc           0%         N/A       80%         3
 Mephitic Cloud           Conj/Pois/Air  0%         N/A       80%         3
 Teleport Other           Tloc           0%         N/A       80%         3
 Olgreb's Toxic Radiance  Pois           0%         N/A       99%         4
 Agony                    Necr           0%         N/A       100%        5
 Silence                  Hex/Air        0%         N/A       100%        5


Dungeon Overview and Level Annotations

Branches:
Dungeon (5/15)              Sewer (visited)
 Temple: D:4-7

Altars:
Ashenzari
Hepliaklqana
Makhleb

Annotations:
D:5 Prince Ribbit, Sigmund


Message History

You are too injured to fight recklessly!
You are too injured to fight recklessly!
You are too injured to fight recklessly!
You are too injured to fight recklessly!
You are too injured to fight recklessly!
You are too injured to fight recklessly!
You hit the jelly but do no damage.
Your hands burn!
The jelly is moderately wounded.
The jelly barely misses you.
You hit the jelly but do no damage.
Your hands burn!
The jelly is moderately wounded.
You block the jelly's attack.
You hit the jelly but do no damage.
Your hands burn!
The jelly is moderately wounded.
The jelly barely misses you.
You hit the jelly but do no damage.
Your hands burn!
The jelly is moderately wounded.
The jelly hits you.
You are splashed with acid!
* * * LOW HITPOINT WARNING * * *
You hit the jelly but do no damage.
Your hands burn!
* * * LOW HITPOINT WARNING * * *
The jelly is moderately wounded.
The jelly closely misses you.
You hit the jelly but do no damage.
Your hands burn!
* * * LOW HITPOINT WARNING * * *
The jelly is moderately wounded.
The jelly barely misses you.
You hit the jelly but do no damage.
Your hands burn!
* * * LOW HITPOINT WARNING * * *
The jelly is moderately wounded.
The jelly misses you.
You hit the jelly but do no damage. The acid corrodes you!
Your hands burn!
* * * LOW HITPOINT WARNING * * *
The jelly is moderately wounded.
You block the jelly's attack.
You hit the jelly but do no damage.
Your hands burn!
* * * LOW HITPOINT WARNING * * *
The jelly is moderately wounded.
The jelly hits you.
You die...

### #.###.# ..# #.##..#
#.# #.##.## #.# ##.##.#
#.# #####...#.#
#.########.....#...####
#..........###...#....#
#..############.##..#.##
.........(((((.J@......#
#..###########.#######.#
#### #.#~~~~~#.#
##############.#~~~~~#.#
.......)..)....#~~.~~#.#
############.#.#~~~~~#.#
#...#####'#.#
##..........#
#......#####


You could see a jelly.

Vanquished Creatures
  Edmund (D:4)
  An ice beast (D:4)
  A bullfrog (D:5)
  A scorpion (D:4)
  A hound (D:5)
  2 orc priests
  An iguana (D:4)
  3 orc wizards
  A hell rat (Sewer)
  Ijyb (D:3)
  4 adders
  4 gnolls (D:4)
  4 river rats
  An ufetubus (D:5)
  A worm (D:5)
  3 dart slugs
  12 orcs
  6 bats
  6 endoplasms
  2 giant cockroaches
  3 hobgoblins
  4 jackals (D:2)
  3 quokkas
  4 ball pythons
  3 frilled lizards
  10 goblins
  7 kobolds
  15 rats
105 creatures vanquished.

Vanquished Creatures (others)
  An orc wizard (D:4)
1 creature vanquished.

Grand Total: 106 creatures vanquished

Notes
Turn   | Place    | Note
-------+----------+-------------------------------------------
     0 | D:1      | Rrauwl the Hill Orc Brigand began the quest for the Orb.
     0 | D:1      | Reached XP level 1. HP: 18/18 MP: 1/1
   147 | D:1      | Reached skill level 1 in Dodging
   161 | D:1      | Reached XP level 2. HP: 19/25 MP: 2/2
   252 | D:1      | Reached skill level 3 in Fighting
   620 | D:2      | Reached XP level 3. HP: 26/31 MP: 3/3
   676 | D:2      | Reached skill level 1 in Armour
  1022 | D:2      | Reached XP level 4. HP: 35/38 MP: 4/4
  1847 | D:3      | Reached XP level 5. HP: 44/45 MP: 5/5
  1854 | D:3      | Found a broken altar of Ashenzari.
  1898 | D:3      | Noticed Ijyb
  1966 | D:3      | Killed Ijyb
  1967 | D:3      | Reached skill level 4 in Fighting
  2426 | D:4      | Noticed Edmund
  2467 | D:4      | Killed Edmund
  2468 | D:4      | Reached skill level 5 in Fighting
  2468 | D:4      | Reached XP level 6. HP: 19/57 MP: 0/6
  2674 | D:4      | Reached skill level 6 in Fighting
  2854 | D:4      | Noticed an ice beast
  2984 | D:4      | Killed an ice beast
  2985 | D:4      | Reached skill level 7 in Fighting
  2985 | D:4      | Reached XP level 7. HP: 31/67 MP: 3/7
  3308 | D:4      | Found a burning altar of Makhleb.
  3381 | D:4      | Reached skill level 8 in Fighting
  3642 | D:5      | Entered Level 5 of the Dungeon
  3785 | D:5      | Found a hazy altar of Hepliaklqana.
  3795 | D:5      | Became a worshipper of Hepliaklqana the Forgotten
  3854 | D:5      | Found a glowing drain.
  3887 | Sewer    | Entered a sewer
  4078 | Sewer    | Reached skill level 1 in Shields
  4234 | D:5      | Noticed Sigmund
  4387 | D:5      | Noticed Prince Ribbit
  4435 | D:5      | HP: 2/68 [acid (4)]
  4436 | D:5      | Slain by a jelly

Illustrated notes

Levels and vault maps discovered:
D:1:      dpeg_arrival_stonehenge_12_columns, layout_basic
D:2:      layout_loops_ring
D:3:      layout_basic, mainiacjoe_overflow_boulevard, uniq_ijyb
D:4:      layout_gridville, mainiacjoe_overflow_24_doors, uniq_edmund
D:5:      layout_loops_ring, mainiacjoe_overflow_small_starburst,
          overflow_temple_1_default, portal_sewer_entry_c, uniq_sigmund,
          uniq_prince_ribbit1, uniq_pikel

Skill      XL: |  1  2  3  4  5  6  7 |
---------------+----------------------+-----
Dodging        | 1 2 |  2.7
Throwing       | 2 |  2.0
Fighting       | 3 5 7 8 |  8.0
Stealth        | 4 |  4.0
Armour         | 1 3 |  3.0
Shields        | 1 |  1.8
Short Blades   | |  2.0

Action                     |  1- 3 |  4- 6 |  7- 9 || total
---------------------------+-------+-------+-------++-------
  Melee: Dagger            |    22 |       |       ||    22
         Short sword       |    73 |   177 |   172 ||   422
         Punch             |     1 |     1 |       ||     2
  Throw: Dart              |       |    30 |    37 ||    67
    Use: Potion            |       |    12 |     2 ||    14
         Scroll            |       |       |    10 ||    10
   Stab: Sleeping          |     7 |     4 |     1 ||    12
         Distracted        |     1 |       |     2 ||     3
 Armour: Robe              |    31 |    49 |    44 ||   124
  Dodge: Dodged            |    54 |    73 |    85 ||   212
  Block: Buckler           |       |       |    21 ||    21
